 Dungeon Crawl Stone Soup version 0.32-a0-984-gb8cfe57ea9 (webtiles) character file.

Game seed: 14168495464274847822

21343 GeoRichter the Marksgoblin (level 12, -3/97 HPs)
             Began as a Coglin Hunter on Apr 21, 2024.
             Was a High Priest of Okawaru.
             Slain by a sixfirhy (5 damage)
             ... in a Gauntlet.
             The game lasted 00:20:40 (12872 turns).

GeoRichter the Marksgoblin (Coglin Hunter)         Turns: 12872, Time: 00:20:41

Health: -3/97      AC: 10    Str: 13    XL:     12   Next: 89%
Magic:  15/17      EV: 15    Int:  9    God:    Okawaru [*****.]
Gold:   335        SH:  0    Dex: 23    Spells: 11/11 levels left

rFire   . . .        a - +3 hand cannon "Demonbane" {flame, Dex+2}
rCold   + . .        b - +2 sling {Wigmund}
rNeg    . . .        i - +2 ring mail {rC+}
rPois   .            J - +0 helmet {SInv}
rElec   .            (no cloak)
rCorr   .            (no gloves)
SInv    +            x - +0 pair of boots
Will    .....        (amulet unavailable)
Stlth   +++          (ring unavailable)
HPRegen 0.36/turn    (ring unavailable)
MPRegen 0.15/turn    (no gizmo)

%: no teleportation, clarity
@: heroic, revved
A: off-hand wielding, slow wielding, warmup strikes, no jewellery, clarity,
sturdy frame 1
a: Invent Gizmo, Renounce Religion, Heroism, Finesse, Duel


You were in a Gauntlet.
You worshipped Okawaru.
Okawaru was extremely pleased with you.
You visited 3 branches of the dungeon, and saw 14 of its levels.
You also visited: Gauntlet.

You collected 747 gold pieces.
You spent 412 gold pieces at shops.

Inventory:

Hand Weapons
 a - the +3 hand cannon "Demonbane" (weapon) {flame, Dex+2}
   (You bought it in a shop on level 4 of the Dungeon)

   Dex+2:     It affects your dexterity (+2).
 b - a +2 sling (offhand) {Wigmund}
Missiles
 t - 2 throwing nets {!f}
Armour
 i - a +2 ring mail of cold resistance (worn)
   (You found it on level 5 of the Dungeon)
 s - a +1 ring mail of poison resistance
   (You found it on level 3 of the Dungeon)
 x - a +0 pair of boots (worn)
   (You found it on level 4 of the Dungeon)
 B - an orb of energy
   (You took it off Jeremiah on level 6 of the Dungeon)
 J - a +0 helmet of see invisible (worn)
   (You found it in a Gauntlet)
Wands
 c - a wand of flame (21)
   (You found it on level 6 of the Dungeon)
 d - a wand of paralysis (13)
   (You found it on level 7 of the Dungeon)
 w - a wand of iceblast (12)
   (You found it on level 4 of the Dungeon)
 D - a wand of acid (4)
   (You found it on level 9 of the Dungeon)
 I - a wand of mindburst (8)
   (You found it on level 1 of the Lair of Beasts)
Scrolls
 f - 2 scrolls of fog
 g - 3 scrolls of amnesia
 h - 4 scrolls of noise {!r}
 l - 5 scrolls of vulnerability {!r}
 y - a scroll of summoning {unknown}
 z - 3 scrolls of immolation {!r}
 A - 6 scrolls of teleportation {@r4}
 E - a scroll of butterflies
 F - 3 scrolls of blinking
 G - a scroll of fear
 H - a scroll of poison {unknown}
Potions
 e - a potion of attraction {unknown}
 j - 2 potions of berserk rage
 m - a potion of invisibility {unknown}
 n - a potion of haste {unknown}
 o - 4 potions of lignification {!q}
 p - 3 potions of brilliance
 q - 4 potions of mutation {!q}
 r - a potion of resistance {unknown}
 u - a potion of magic {unknown}
 v - 2 potions of enlightenment
 C - a potion of curing {@q1}


   Skills:
 + Level 9.9(14.9) Fighting
 * Level 15.3(20.3) Ranged Weapons
 - Level 1.7(6.7) Dodging
 - Level 0.7(5.7) Stealth
 + Level 6.6 Invocations
 - Level 6.0 Evocations


You had 11 spell levels left.
You didn't know any spells.
Your spell library contained the following spells:

 Spells                   Type           Power      Damage    Failure   Level
 Freeze                   Ice            0%         1d3       50%         1
 Frozen Ramparts          Ice            0%         1d1       86%         3
 Hailstorm                Conj/Ice       0%         3d5       86%         3
 Passage of Golubria      Tloc           0%         N/A       99%         4
 Silence                  Hex/Air        0%         N/A       100%        5
 Lehudib's Crystal Spear  Conj/Erth      0%         10d2      100%        8


Dungeon Overview and Level Annotations

Branches:
Dungeon (10/15) Zot: 25521  Temple (1/1) D:5 Zot: 5981    Lair (3/5) D:8 Zot: 15591
  Swamp (0/4) Lair:2       Spider (0/4) Lair:3      Gauntlet (1/1) Zot: 5423
    Orc: D:9-12

Altars:
Ashenzari
Cheibriados
Dithmenos
Elyvilon
Fedhas
Gozag
Hepliaklqana
Kikubaaqudgha
Makhleb
Nemelex Xobeh
Okawaru
Qazlal
Ru
Sif Muna
Trog
Uskayaw
Vehumet
Wu Jian
Xom
Yredelemnul
Zin
The Shining One

Shops:
D:2 ?   D:4 (*:=!   D:7 *

Annotations:
D:2 1 runed translucent door, Crazy Yiuf
D:6 2 transporters
D:9 2 transporters Gauntlet 11 transporters, exclusion: oklob plant


Innate Abilities, Weirdness & Mutations

You can wield a second weapon in your off-hand.
It takes a long time for you to wield or remove held weapons.
Your first few attacks do less damage.
You cannot equip rings or amulets.
You possess an exceptional clarity of mind.
Your movements are slightly less encumbered by armour. (ER -2)


Message History

The sixfirhy barely misses you. The sixfirhy misses you.
Fire: a) +3 hand cannon "Demonbane" {flame, Dex+2}
Press: ? - help, Q - select action, (/) - cycle Shift-Dir - straight line, f/p - sixfirhy
Aim: a sixfirhy (magical condensation, almost dead, 58% to hit)
You shoot a sling bullet. The sling bullet hits the sixfirhy!
You kill the sixfirhy!
Okawaru accepts your kill.
You shoot a slug.
Unknown command.
Fire: a) +3 hand cannon "Demonbane" {flame, Dex+2}
Press: ? - help, Q - select action, (/) - cycle Shift-Dir - straight line, f - sixfirhy
Aim: a sixfirhy (58% to hit)
You shoot a sling bullet. The sling bullet misses the sixfirhy.
You shoot a slug.
The slug hits the sixfirhy but does no damage.
Fire: a) +3 hand cannon "Demonbane" {flame, Dex+2}
Press: ? - help, Q - select action, (/) - cycle Shift-Dir - straight line, f/p - sixfirhy
Aim: a sixfirhy (58% to hit)
You shoot a slug. The slug hits the sixfirhy!
The slug burns the sixfirhy.
The sixfirhy is moderately wounded.
You shoot a sling bullet.
The sling bullet barely misses the sixfirhy.
The sixfirhy hits you.
* * * LOW HITPOINT WARNING * * *
The sixfirhy shocks you!
* * * LOW HITPOINT WARNING * * *
The sixfirhy hits you.
* * * LOW HITPOINT WARNING * * *
The sixfirhy shocks you!
* * * LOW HITPOINT WARNING * * *
Blink to where?
Press: ? - help, Dir - move target, p - sixfirhy
There is a wall there.
Okay, then.
Okay, then.
Fire: a) +3 hand cannon "Demonbane" {flame, Dex+2}
Press: ? - help, Q - select action, (/) - cycle Shift-Dir - straight line, f/p - sixfirhy
Aim: a sixfirhy (magical condensation, moderately wounded, 58% to hit)
You shoot a slug. The slug barely misses the sixfirhy.
You shoot a sling bullet. The sling bullet hits the sixfirhy!
The sixfirhy is heavily wounded.
The sixfirhy barely misses you. The sixfirhy closely misses you.
The sixfirhy hits you but does no damage.
The sixfirhy hits you.
* * * LOW HITPOINT WARNING * * *
The sixfirhy shocks you!
* * * LOW HITPOINT WARNING * * *
The sixfirhy hits you.
You die...

...............≈# #ß
##.#########.##########
.#.#..≈∩≈..#.#.......≈#
.#©#.......#©#........###
######...###########..#ß#
≈...$#...#.........#..###
≈≈.≈≈#...#...###...#....#
..≈..#...#)...#.33.#....###
≈≈.≈[#...#=#..#°@#.###..#ß#
.≈..©#...#©.######.#©#..###
≈≈..$#...#=#..#..#.#.#..#
..≈Z≈#...#....#....#.#..###
.≈≈≈Z#...#...###...#.#..#ß#
≈..ZZ#...#.........#.#..#########
######..§###########.#........#ß#
.......§...........#.#........###
##....≈ß≈....#######.#######.....


You could see 2 sixfirhies.

Vanquished Creatures
  Gastronok (D:10)
  Josephine (D:10)
  3 two-headed ogres
  Urug (D:10)
  2 sixfirhies (Gauntlet)
  A necromancer (Gauntlet)
  2 black mambas
  A rust devil (Gauntlet)
  3 centaur zombies (D:10)
  6 cane toads
  2 centaur skeletons (D:10)
  4 komodo dragons
  Jeremiah (D:6)
  A tyrant leech (Lair:2)
  A hornet (Lair:1)
  Prince Ribbit (D:4)
  Grinder (D:4)
  2 wyverns
  13 yaks
  A ynoxinul (Gauntlet)
  5 wraiths
  2 basilisks
  A steam dragon (D:8)
  Menkaure (D:4)
  Duvessa (D:4)
  6 water moccasins
  2 orc warriors (D:9)
  2 black bears
  2 sky beasts
  3 ice beasts
  8 wolves
  6 centaurs
  An ogre (D:6)
  7 bullfrogs
  A kobold brigand (D:6)
  A gnoll sergeant (D:5)
  4 scorpions
  16 wights
  Dowan (D:4)
  A burial acolyte (D:10)
  2 howler monkeys
  2 quasits (D:6)
  2 hounds (D:6)
  A human zombie (D:10)
  2 jellies
  3 gnoll boudas
  4 orc priests
  5 iguanas
  4 iron imps
  A sleepcap (D:5)
  Ijyb (D:3)
  8 orc wizards
  3 howler monkey zombies (D:10)
  Robin (D:4)
  26 gnolls
  7 adders
  A shadow imp (D:6)
  2 ufetubi (D:6)
  2 ribbon worms
  3 dart slugs
  26 orcs
  7 ball pythons
  8 bats
  4 endoplasms
  5 giant cockroaches
  12 goblins
  5 hobgoblins
  4 frilled lizards
  9 kobolds
  9 rats
288 creatures vanquished.

Notes
Turn   | Place    | Note
-------+----------+-------------------------------------------
     0 | D:1      | GeoRichter the Coglin Hunter began the quest for the Orb.
     0 | D:1      | Reached XP level 1. HP: 16/16 MP: 1/1
   210 | D:1      | Reached skill level 4 in Ranged Weapons
   210 | D:1      | Reached XP level 2. HP: 22/22 MP: 2/2
   819 | D:2      | Found Coveuseut's Magic Scroll Shop.
   877 | D:2      | Reached XP level 3. HP: 27/27 MP: 3/3
  1005 | D:2      | Reached skill level 5 in Ranged Weapons
  1005 | D:2      | Reached XP level 4. HP: 33/33 MP: 4/4
  1216 | D:2      | Found a runed translucent door.
  1217 | D:2      | Noticed Crazy Yiuf
  1332 | D:2      | Bought a scroll of identify for 22 gold pieces
  2020 | D:3      | Noticed Ijyb
  2031 | D:3      | Killed Ijyb
  2239 | D:3      | Reached XP level 5. HP: 33/38 MP: 5/5
  2258 | D:3      | Found a burning altar of Makhleb.
  2627 | D:4      | Reached skill level 6 in Ranged Weapons
  2684 | D:4      | Found Joleokh's Distillery.
  2688 | D:4      | Bought a potion of curing for 33 gold pieces
  2749 | D:4      | Found Geycsuace's Jewellery Shop.
  2789 | D:4      | Found Joag's General Store.
  2800 | D:4      | Noticed Grinder
  2804 | D:4      | Killed Grinder
  2805 | D:4      | Reached skill level 7 in Ranged Weapons
  2805 | D:4      | Reached XP level 6. HP: 44/44 MP: 6/6
  2876 | D:4      | Found Qyruam's Weapon Shop.
  2958 | D:4      | Found Ekobb's Book Shop.
  3082 | D:4      | Reached XP level 7. HP: 48/50 MP: 7/7
  3089 | D:4      | Found a sparkling altar of Nemelex Xobeh.
  3330 | D:4      | Noticed Duvessa
  3330 | D:4      | Noticed Dowan
  3330 | D:4      | Noticed Robin
  3337 | D:4      | Killed Dowan
  3338 | D:4      | Reached skill level 8 in Ranged Weapons
  3456 | D:5      | Entered Level 5 of the Dungeon
  3492 | D:5      | Noticed Menkaure
  3706 | D:5      | Noticed Prince Ribbit
  3764 | D:4      | Killed Robin
  3774 | D:4      | Killed Duvessa
  3908 | D:4      | Gained mutation: Your movements are slightly less
                  | encumbered by armour. (ER -2) [potion of mutation]
  3908 | D:4      | Gained mutation: You possess an exceptional clarity of
                  | mind. [potion of mutation]
  4101 | D:4      | Reached XP level 8. HP: 32/56 MP: 8/8
  4106 | D:4      | Killed Prince Ribbit
  4107 | D:4      | Reached skill level 9 in Ranged Weapons
  4329 | D:5      | Reached skill level 1 in Evocations
  4672 | D:5      | Found a staircase to the Ecumenical Temple.
  4687 | Temple   | Entered the Ecumenical Temple
  4696 | Temple   | Became a worshipper of Warmaster Okawaru
  4989 | D:5      | Reached skill level 10 in Ranged Weapons
  5134 | D:6      | Reached XP level 9. HP: 59/64 MP: 9/9
  5186 | D:6      | Noticed a two-headed ogre
  5198 | D:6      | Killed a two-headed ogre
  5198 | D:6      | Reached * piety under Okawaru
  5422 | D:6      | Reached skill level 5 in Evocations
  5428 | D:6      | Found a basalt altar of Yredelemnul.
  5477 | D:6      | Found a transporter.
  5485 | D:6      | Found a white marble altar of Elyvilon.
  5486 | D:6      | Found a transporter.
  5489 | D:6      | Noticed Jeremiah
  5515 | D:6      | Killed Jeremiah
  5515 | D:6      | Reached ** piety under Okawaru
  5516 | D:6      | Reached skill level 11 in Ranged Weapons
  5827 | D:6      | Found a shimmering blue altar of Sif Muna.
  5857 | D:6      | Reached skill level 5 in Fighting
  6046 | D:6      | Reached XP level 10. HP: 74/74 MP: 10/10
  6050 | D:6      | Noticed a two-headed ogre
  6224 | D:6      | Found a shimmering altar of Xom.
  6514 | D:7      | Found a shadowy altar of Dithmenos.
  6744 | D:7      | Found Qipiam's Assorted Antiques.
  6968 | D:4      | Bought the +3 hand cannon "Demonbane" {flame, Dex+2} for
                  | 357 gold pieces
  7016 | D:4      | Killed Menkaure
  7017 | D:4      | Reached skill level 1 in Invocations
  7049 | D:6      | Killed a two-headed ogre
  7049 | D:6      | Reached *** piety under Okawaru
  7050 | D:6      | Reached skill level 12 in Ranged Weapons
  7355 | D:8      | Found a staircase to the Lair.
  7805 | D:9      | Found a blossoming altar of Fedhas.
  7810 | D:9      | Noticed a two-headed ogre
  7937 | D:9      | Found a glowing golden altar of the Shining One.
  8109 | D:9      | Noticed a harpy
  8109 | D:9      | Noticed a cyclops
  8111 | D:9      | Found a broken altar of Ashenzari.
  8111 | D:9      | Noticed a deep elf pyromancer
  8113 | D:9      | Noticed a centaur warrior
  8114 | D:9      | Found a transporter.
  8122 | D:9      | a harpy changed into a hog
  8123 | D:9      | Found a transporter.
  8129 | D:9      | a hog changed into a swamp dragon
  8129 | D:9      | Noticed a swamp dragon (shapeshifter)
  8145 | D:9      | a swamp dragon changed into a spriggan
  8151 | D:9      | Killed a two-headed ogre
  8151 | D:9      | Reached **** piety under Okawaru
  8223 | D:9      | Reached XP level 11. HP: 84/84 MP: 13/13
  8258 | D:9      | Found a stormy altar of Qazlal.
  8435 | D:10     | Entered Level 10 of the Dungeon
  8484 | D:10     | Found a radiant altar of Vehumet.
  8527 | D:10     | Noticed Josephine
  8530 | D:10     | Reached skill level 13 in Ranged Weapons
  8534 | D:10     | Killed Josephine
  8941 | D:10     | Noticed Gastronok
  8948 | D:10     | Killed Gastronok
  8948 | D:10     | Reached ***** piety under Okawaru
  9069 | D:10     | Found an ornate altar of the Wu Jian Council.
  9078 | D:10     | Noticed Urug
  9081 | D:10     | Killed Urug
  9097 | D:10     | Found a snail-covered altar of Cheibriados.
  9246 | D:10     | Identified the +2 robe of a ziggurat {Harm *Slow rCorr
                  | Dex+3}
  9307 | D:10     | Found a hazy altar of Hepliaklqana.
  9472 | D:10     | Found an ancient bone altar of Kikubaaqudgha.
  9479 | D:10     | Received a gift from Okawaru
  9886 | Lair:1   | Entered Level 1 of the Lair of Beasts
  9896 | Lair:1   | Reached skill level 14 in Ranged Weapons
  9896 | Lair:1   | Reached skill level 5 in Invocations
  9908 | Lair:1   | Reached XP level 12. HP: 76/94 MP: 15/15
 10519 | Lair:1   | Received a gift from Okawaru
 11677 | Lair:2   | Found a staircase to the Swamp.
 12105 | Lair:2   | Reached skill level 15 in Ranged Weapons
 12228 | Lair:3   | Received a gift from Okawaru
 12285 | Lair:3   | Found a gate leading to a gauntlet.
 12295 | Gauntlet | Entered a Gauntlet
 12295 | Gauntlet | Found a transporter.
 12295 | Gauntlet | Found a transporter.
 12302 | Gauntlet | Found a transporter.
 12302 | Gauntlet | Found a transporter.
 12312 | Gauntlet | Found a transporter.
 12322 | Gauntlet | Found a transporter.
 12322 | Gauntlet | Found a transporter.
 12346 | Gauntlet | Found a transporter.
 12353 | Gauntlet | Found a transporter.
 12371 | Gauntlet | Found a transporter.
 12395 | Gauntlet | Found a transporter.
 12407 | Gauntlet | Found a transporter.
 12444 | Gauntlet | Found a transporter.
 12458 | Gauntlet | Found a transporter.
 12559 | Gauntlet | Found a transporter.
 12562 | Gauntlet | Noticed a catoblepas
 12580 | Gauntlet | Found a transporter.
 12693 | Gauntlet | Identified the amulet "Lonaoxiur" {Reflect Harm SH+5}
 12872 | Gauntlet | HP: 2/97 [sixfirhy (11)]
 12872 | Gauntlet | Slain by a sixfirhy

Illustrated notes

Levels and vault maps discovered:
D:1:      dpeg_arrival_refuge, layout_loops_corners, patterned_corridor
D:2:      layout_basic, serial_shops, nicolae_shop_tiny_glass,
          minmay_nonomino_d4, uniq_crazy_yiuf_cottage
D:3:      layout_basic, demons_altar, minmay_distorted, uniq_ijyb
D:4:      layout_loops_cross, nemelex_spade_bored_becter, serial_shops,
          nicolae_diamond_shop, shop, shop, nicolae_shop_real_fake_doors,
          nicolae_shop_hallway_plus, uniq_robin, uniq_duvessa, uniq_grinder
D:5:      layout_basic, minmay_temple_entry_nine_rooms, uniq_menkaure,
          uniq_prince_ribbit1
D:6:      layout_loops_ring, kennysheep_mini_moat,
          regret_index_xom_buried_treasure, elyvilon_altar_4,
          mainiacjoe_overflow_brackets, serial_demonic, serial_demonic_d,
          serial_demonic_g, serial_demonic_c, serial_demonic_f, uniq_jeremiah
D:7:      layout_basic, mainiacjoe_overflow_alcove_4, serial_shops, shop
D:8:      layout_cave_pools, lair_entry_dummy, nrook_loot_triangle
D:9:      layout_loops_ring, fedhas_bush_and_centaur_altar,
          mainiacjoe_overflow_tiny_flanked, gammafunk_temple_overflow_arena,
          lemuel_coloured_pillars_altar
D:10:     layout_cave_pods, vehumet_altar_wand_db,
          nicolae_overflow_hidden_temple, lemuel_mausoleum_altar_kikubaaqudgha,
          kennysheep_slug_shrine, mainiacjoe_overflow_chevrons,
          lemuel_flame_loot_1, uniq_urug, uniq_gastronok, uniq_josephine
Temple:   nicolae_temple_ecumenical_triangle
Lair:1:   layout_regular_city, grunt_megastairs_4
Lair:2:   layout_cave_pods, minmay_swamp_entry_worms, beast_lair_carwin_1
Lair:3:   layout_loops_ring, hellmonk_spider_entry_life_and_decay,
          gauntlet_entry_generic, fungi_pond_lemuel, kennysheep_abandoned_house
Gauntlet: gammafunk_gauntlet_branching [gammafunk_gauntlet_arena_corners,
          nicolae_gauntlet_swirl, gammafunk_gauntlet_arena_chambers,
          nicolae_gauntlet_arena_blocks, gammafunk_gauntlet_arena_mazey,
          nicolae_gauntlet_arena_quarters, nicolae_gauntlet_arena_flowing_pool,
          nicolae_gauntlet_arena_t_cross, dreamdust_gauntlet_exit_labyrinth]

Skill      XL: |  1  2  3  4  5  6  7  8  9 10 11 12 |
---------------+-------------------------------------+-----
Ranged Weapons | 4 5 7 8 10 11 12 14 15 | 15.3
Evocations     | 3 6 |  6.0
Fighting       | 3 5 7 8 9 |  9.9
Invocations    | 3 5 6 |  6.6
Dodging        | |  1.7
Stealth        | |  0.7

Action                     |  1- 3 |  4- 6 |  7- 9 | 10-12 || total
---------------------------+-------+-------+-------+-------++-------
   Fire: Sling             |   140 |   198 |   532 |   500 ||  1370
         Hand cannon       |       |       |       |   344 ||   344
 Invoke: Heroism           |       |       |       |     2 ||     2
  Evoke: Wand              |       |     4 |    20 |     1 ||    25
    Use: Scroll            |       |     2 |     7 |    10 ||    19
         Potion            |       |       |     3 |       ||     3
 Armour: Leather armour    |     5 |    10 |       |       ||    15
         Ring mail         |       |    13 |   120 |   174 ||   307
  Dodge: Dodged            |     9 |    17 |    79 |   136 ||   241

Table legend: (Time is in decaauts)
 A = Elapsed time spent in this place.
 B = Non-inter-level travel time spent in this place.
 C = Inter-level travel time spent in this place.
 D = Time resting spent in this place.
 E = Time spent auto-exploring this place.
 F = Levels seen in this place.
 G = Mean time per level.
                   A        B        C        D        E       F      G
               +--------+--------+--------+--------+--------+-----+--------+
         Total |  12950 |  12297 |    653 |    760 |   9435 |  15 |  863.3 |
       Dungeon |   9947 |   9378 |    569 |    403 |   7352 |  10 |  994.7 |
        Temple |     18 |     10 |      8 |      0 |      0 |   1 |   18.0 |
          Lair |   2408 |   2333 |     75 |    271 |   1795 |   3 |  802.7 |
      Gauntlet |    575 |    575 |      0 |     86 |    288 |   1 |  575.0 |
               +--------+--------+--------+--------+--------+-----+--------+

Top non-repeatable levels by time:
     D:4: 1630 daAuts
     D:6: 1624 daAuts
    D:10: 1458 daAuts
  Lair:1: 1260 daAuts
  Lair:2: 1073 daAuts
     D:5: 991 daAuts
     D:2: 940 daAuts
     D:3: 851 daAuts
     D:1: 827 daAuts
     D:9: 619 daAuts
Gauntlet: 575 daAuts
     D:7: 516 daAuts
     D:8: 488 daAuts
  Lair:3: 74 daAuts
  Temple: 18 daAuts
